AoeStats
← a.l.a.n.t

Nomad

508466407Analyzed
4v4 RM · 9d ago on Sep 22, 2026· 58m 21s· 8 players
Game mode
Random Map
Map size
231×231
Population
200
Speed
Normal
Resources
Standard
Victory
Conquest
Starting age
Dark Age
Ending age
Imperial Age
RankedLock teamsTeams togetherTeam positionsShared explorationLock speedFull tech treeHidden civsTurbo modeCheats
Victory
Defeat
🇬🇧 Gurjaras · United Kingdom
1377
+12
🇧🇪 Saxons · Belgium
1241
+17
🇲🇽 Danes · Mexico
1204
+18
🇧🇪 Varangians · Belgium
1197
+18
🇲🇽 Varangians · Mexico
1284
-17
🇵🇪 Portuguese · Peru
1284
-17
🇪🇸 Inca · Spain
1257
-16
🇩🇪 Byzantines · Germany
1236
-15
Nova_Wolf
5:06 Loom
14:14 Feudal Age
19:04 Castle Age
17:26 Fletching
17:33 Double-Bit Axe
19:52 Scale Barding Armor
20:38 Forging
22:15 Gambesons
29:04 Iron Casting
28:33 Scale Mail Armor
28:41 Horse Collar
37:52 Wheelbarrow
38:31 Herbal Medicine
43:19 Imperial Age
41:54 Bloodlines
42:51 Scale Barding Armor
44:30 Conscription
43:50 Cavalier
46:24 Hand Cart
45:39 Vendel Legacy
49:11 Chain Mail Armor
49:17 Chain Barding Armor
50:00 Blast Furnace
55:49 Plate Barding Armor
55:12 Elite Jarl
TdB.Espisao
6:16 Loom
14:03 Feudal Age
17:59 Castle Age
15:59 Horse Collar
16:07 Double-Bit Axe
18:22 Horse Collar
21:43 Champi Runner
23:17 Medium Warships
25:02 Wheelbarrow
24:40 Town Watch
28:14 Padded Archer Armor
28:04 Fletching
29:59 Hand Cart
30:00 Arson
32:59 Bow Saw
38:22 Imperial Age
38:41 Gold Mining
38:57 Bodkin Arrow
39:54 Forging
39:36 Champi Warrior
41:30 Bracer
42:05 Iron Casting
42:43 Conscription
43:37 Scale Mail Armor
44:38 Blast Furnace
47:05 Fabric Shields
47:11 Andean Sling
53:54 Town Patrol
54:32 Chain Mail Armor
Execute290
5:40 Loom
13:47 Feudal Age
17:31 Castle Age
17:16 Double-Bit Axe
17:26 Gold Mining
19:20 Bow Saw
26:46 Horse Collar
38:37 Imperial Age
37:01 Wheelbarrow
43:20 Man-at-Arms
44:16 Long Swordsman
45:26 Scale Mail Armor
45:37 Forging
45:14 Gambesons
44:51 Two-Handed Swordsman
47:47 Chain Mail Armor
50:53 Elite Organ Gun
53:55 Circumnavigation
55:09 Conscription
54:51 Fletching
Elron69
7:23 Loom
13:31 Feudal Age
17:26 Castle Age
15:42 Double-Bit Axe
16:16 Horse Collar
17:27 Scale Mail Armor
18:21 Bow Saw
19:38 Wheelbarrow
19:50 Arson
20:43 Squires
22:38 Forging
22:57 Heavy Plow
23:06 Gambesons
25:42 Chain Mail Armor
28:42 Iron Casting
28:30 Gold Mining
28:30 Stone Mining
29:55 Man-at-Arms
31:51 Hand Cart
32:15 Gold Shaft Mining
32:15 Stone Shaft Mining
31:57 Long Swordsman
38:07 Imperial Age
36:43 Fletching
37:15 Ballistics
37:38 Bodkin Arrow
37:26 Treadmill Crane
37:07 Crossbowman
37:55 Thumb Ring
38:52 Bracer
39:54 Chemistry
38:21 Arbalester
39:28 Conscription
40:20 Two-Man Saw
39:53 Crop Rotation
40:28 Guilds
40:47 Padded Archer Armor
40:44 Capped Ram
41:57 Plate Mail Armor
41:43 Leather Archer Armor
41:46 Elite Varangian Guard
41:47 Two-Handed Swordsman
44:18 Ring Archer Armor
45:09 Pikeman
48:01 Hoardings
47:18 Halberdier
47:22 Elite Skirmisher
54:06 Murder Holes
Schalamax1
4:34 Loom
12:59 Feudal Age
13:30 Double-Bit Axe
13:32 Fishing Lines
19:17 Castle Age
17:57 Scale Mail Armor
18:08 Forging
18:40 Arson
20:21 Bow Saw
21:11 Wheelbarrow
20:54 Chain Mail Armor
20:46 Squires
20:56 Gillnets
21:00 Gambesons
22:31 Medium Warships
24:20 Gold Mining
47:40 Imperial Age
48:33 Onager
50:40 Chemistry
50:10 Hand Cart
56:30 Elite Varangian Guard
a.l.a.n.t
13:08 Loom
15:23 Feudal Age
16:38 Town Watch
20:14 Castle Age
18:57 Double-Bit Axe
21:19 Medium Warships
22:01 Bow Saw
24:10 Horse Collar
25:46 Scale Barding Armor
26:54 Husbandry
27:05 Bloodlines
27:47 Wheelbarrow
27:13 Town Patrol
27:13 Fishing Lines
31:19 Chain Barding Armor
32:19 Forging
33:49 Iron Casting
36:20 Imperial Age
34:16 Kshatriyas
37:54 Plate Barding Armor
37:19 Fletching
37:03 Elite Shrivamsha Rider
41:58 Chemistry
44:09 Elite Elephant Archer
44:55 Thumb Ring
45:19 Bodkin Arrow
45:25 Padded Archer Armor
46:24 Bracer
47:11 Ballistics
Neoptalames
5:33 Loom
14:26 Feudal Age
16:56 Fishing Lines
19:45 Castle Age
24:07 Scale Mail Armor
24:17 Forging
24:13 Scale Barding Armor
26:09 Gold Mining
26:10 Horse Collar
29:55 Double-Bit Axe
31:57 Bloodlines
32:17 Bow Saw
34:20 Iron Casting
35:18 Wheelbarrow
35:18 Chain Barding Armor
36:59 Ballistics
40:38 Imperial Age
40:27 Hand Cart
42:00 Elite Jarl
43:48 Conscription
44:08 Plate Barding Armor
45:27 Blast Furnace
47:40 Fletching
48:08 Chain Mail Armor
51:57 Bodkin Arrow
54:37 Bracer
55:09 Plate Mail Armor
JimP
13:40 Feudal Age
14:06 Loom
18:25 Fletching
21:01 Castle Age
24:34 Guard Tower
40:30 Double-Bit Axe
41:56 Bow Saw
44:28 Fishing Lines
48:13 Wheelbarrow
48:23 Forging
48:13 Scale Mail Armor
48:34 Squires
48:50 Horse Collar
49:07 Gillnets
49:45 Arson
50:31 Chain Mail Armor
50:51 Iron Casting
50:35 Heavy Plow
50:35 Gambesons
51:15 Bodkin Arrow
51:20 Padded Archer Armor
51:58 Bodkin Arrow
55:04 Imperial Age
52:53 Hand Cart
52:24 Town Watch
54:26 Leather Archer Armor
53:34 Elite Skirmisher
55:15 Elite Varangian Guard
58:10 Two-Man Saw
57:27 Thumb Ring
Connection lost

Rejoining the realm…

Still unreachable

The connection could not be restored.

Session expired

The server has moved on; the page needs a fresh start.